 Dungeon Crawl Stone Soup version 0.31-a0-851-g7ff8af7976 (webtiles) character file.

Game seed: 4592669077942172614

51107 Flugkiller the Black Belt (level 14, -6/115 HPs)
             Began as an Octopode Shapeshifter on Oct 6, 2023.
             Was an Elder of Wu Jian.
             Mangled by a komodo dragon (23 damage)
             ... on level 4 of the Lair of Beasts.
             The game lasted 00:22:35 (18740 turns).

Flugkiller the Black Belt (Octopode Shapeshifter)  Turns: 18740, Time: 00:22:36

Health: -6/115     AC:  5    Str: 13    XL:     14   Next: 58%
Magic:  14/14      EV: 20    Int: 12    God:    Wu Jian [****..]
Gold:   1137       SH:  9    Dex: 15    Spells: 13/13 levels left

rFire   + +          .
                       - Unarmed
rCold   . . .        n - +2 buckler
rNeg    . . .        u - +2 hat
rPois   .            (no amulet)
rElec   .            G - ring of the Octopus King {rF+ HP+2 AC+2 EV+2 SH+2}
rCorr   +            p - ring of protection from fire
SInv    .            P - ring of resist corrosion
Will    +....        (no ring)
Stlth   +++          (no ring)
HPRegen 0.39/turn    (no ring)
MPRegen 0.14/turn    (no ring)
                     (no ring)

%: no passive effects
@: exhausted, maw-form, studying Fighting
A: devouring maw, almost no armour, amphibious, 8 rings, camouflage 1,
gelatinous body 1, (nimble swimmer 1), tentacles, dopey 1, robust 1,
teleportitis 2, inability to drink after injury 1
a: Begin Untransformation, Renounce Religion, Wall Jump, Serpent's Lash


You were on level 4 of the Lair of Beasts.
You worshipped Wu Jian.
Wu Jian was greatly pleased with you.
You were a creature with a mouth for a stomach.
You visited 3 branches of the dungeon, and saw 19 of its levels.
You also visited: Ossuary and Bailey.

You collected 1509 gold pieces.
You spent 372 gold pieces at shops.

Inventory:

Missiles
 J - 4 curare-tipped darts (quivered)
 N - a throwing net
Armour
 n - a +2 buckler (worn)
   (You bought it in a shop on level 9 of the Dungeon)
 u - a +2 hat (worn)
   (You found it on level 5 of the Dungeon)
 C - the +1 kite shield of Refuge {Harm Slay+3}
   (You found it on level 8 of the Dungeon)

   Slay+3:    It affects your accuracy & damage with ranged weapons and melee
   (+3).
   Harm:      It increases damage dealt and taken.
Jewellery
 p - a ring of protection from fire (right tentacle)
   (You found it on level 3 of the Lair of Beasts)
 A - a ring of ice
   (You found it on level 1 of the Lair of Beasts)
 G - a ring of the Octopus King (left tentacle) {rF+ HP+2 AC+2 EV+2 SH+2}
   (You acquired it on level 12 of the Dungeon)

   [ring of protection from fire]

   AC+2:      It affects your AC (+2).
   EV+2:      It affects your evasion (+2).
   rF+:       It protects you from fire.
   HP+2:      It affects your health (+2).
   SH+2:      It affects your SH (+2).
 K - a ring of fire
   (You found it on level 1 of the Lair of Beasts)
 P - a ring of resist corrosion (on tentacle)
   (You found it on level 3 of the Lair of Beasts)
Talismans
 b - a beast talisman
 c - a flux talisman
 D - a maw talisman (active)
   (You found it on level 8 of the Dungeon)
Wands
 a - a wand of acid (12)
   (You took it off Ijyb on level 5 of the Dungeon)
 i - a wand of polymorph (9)
   (You found it on level 7 of the Dungeon)
 y - a wand of paralysis (17)
   (You found it on level 6 of the Dungeon)
 E - a wand of mindburst (7)
   (You found it on level 9 of the Dungeon)
 F - a wand of digging (15)
   (You found it on level 9 of the Dungeon)
 O - a wand of iceblast (12)
   (You found it on level 3 of the Lair of Beasts)
 Q - a wand of flame (9)
   (You found it on level 5 of the Lair of Beasts)
Scrolls
 g - 2 scrolls of fog
 j - a scroll of silence {unknown}
 k - 5 scrolls of butterflies
 m - 2 scrolls of revelation
 s - 3 scrolls of enchant armour
 t - 6 scrolls of teleportation
 z - a scroll of blinking
 B - a scroll of immolation {unknown}
 L - 2 scrolls of poison
 R - a scroll of torment {unknown}
Potions
 d - 2 potions of might
 e - 4 potions of attraction
 f - 3 potions of cancellation
 h - a potion of haste
 l - 4 potions of magic
 o - a potion of berserk rage
 q - 7 potions of curing
 r - 4 potions of brilliance {unknown}
 v - a potion of enlightenment {unknown}
 w - a potion of heal wounds
 x - 2 potions of invisibility
 H - a potion of lignification
 I - a potion of resistance {unknown}
 M - a potion of ambrosia {unknown}


   Skills:
 - Level 12.0 Fighting
 - Level 11.0 Dodging
 - Level 2.0 Stealth
 - Level 5.0 Shields
 + Level 15.1 Unarmed Combat
 - Level 3.0 Evocations
 - Level 12.0 Shapeshifting


You had 13 spell levels left.
You didn't know any spells.
Your spell library contained the following spells:

 Spells                   Type           Power      Damage    Failure   Level
 Magic Dart               Conj           0%         1d3       41%         1
 Blink                    Tloc           0%         N/A       54%         2
 Searing Ray              Conj           0%         2d4       54%         2
 Stone Arrow              Conj/Erth      0%         3d7       78%         3
 Summon Guardian Golem    Hex/Summ       0%         N/A       78%         3
 Animate Dead             Necr           0%         N/A       99%         4
 Fulminant Prism          Conj/Hex       0%         3d5       99%         4
 Manifold Assault         Tloc           0%         N/A       99%         4
 Dispersal                Tloc           0%         N/A       100%        6
 Haunt                    Necr/Summ      0%         N/A       100%        7
 Orb of Destruction       Conj           0%         9d5       100%        7
 Spellforged Servitor     Conj/Summ      0%         N/A       100%        7
 Disjunction              Tloc           0%         N/A       100%        8
 Infestation              Necr           0%         N/A       100%        8
 Lehudib's Crystal Spear  Conj/Erth      0%         10d2      100%        8
 Animate Armour           Summ/Erth      Unusable   N/A       N/A         4

Dungeon Overview and Level Annotations

Branches:
Dungeon (13/15) Zot: 25999  Temple (1/1) D:5 Zot: 5989    Lair (5/5) D:10 Zot: 24399
  Swamp (0/4) Lair:2       Spider (0/4) Lair:3      Ossuary (visited)
 Bailey (visited)
  Slime: Lair:4-5       Orc: D:9-12      Vaults: D:13-14

Altars:
Ashenzari
Cheibriados
Dithmenos
Elyvilon
Fedhas
Gozag
Hepliaklqana
Kikubaaqudgha
Makhleb
Nemelex Xobeh
Okawaru
Qazlal
Ru
Sif Muna
Trog
Uskayaw
Vehumet
Wu Jian
Xom
Yredelemnul
Zin
The Shining One

Shops:
D:4 :   D:5 *(**   D:9 [

Annotations:
D:9 2 transporters, MrCrawl's ghost, novice DrFE


Innate Abilities, Weirdness & Mutations

You are a creature with a mouth for a stomach.
Your midsection houses a second, enormous mouth.
You cannot wear most types of armour.
You are amphibious.
You can wear up to eight rings at the same time.
Your skin changes colour to match your surroundings (Stealth+).
Your rubbery body absorbs attacks. (AC +1, EV +1)
((You are camouflaged when in or above water. (Stealth+)))
You have tentacles for arms and can constrict up to eight enemies at once.
You are dopey. (Int -2)
You are robust. (+10% HP)
You are often teleported next to monsters.
You occasionally lose the ability to drink potions when taking damage.


Message History

The komodo dragon barely misses you. You block the cane toad's attack.
The komodo dragon attacks as it pursues you!
The komodo dragon bites you but does no damage.
The komodo dragon closely misses you.
The cane toad attacks as it pursues you!
The cane toad barely misses you. The cane toad stings you!!
The rime drake breathes ice at you. The icy flash freeze hits you!
You are encased in ice.
The cane toad attacks as it pursues you!
The cane toad closely misses you.
Your muscles tense, ready for explosive movement...
Your supernatural speed expires.
The ice encasing you melts away. The cane toad barely misses you.
The cane toad attacks as it pursues you!
The cane toad misses you. You block the cane toad's attack.
The cane toad attacks as it pursues you!
The cane toad stings you!
You batter the cane toad!! Your grab misses the cane toad.
You tentacle-slap the cane toad.
You bite the cane toad, but do no damage.
The cane toad is heavily wounded.
The cane toad misses you.
You barely miss the cane toad. Your grab misses the cane toad.
Your tentacle-slap misses the cane toad.
You bite the cane toad, but do no damage.
The cane toad is heavily wounded.
The cane toad misses you.
You bludgeon the cane toad! You grab the cane toad. You bite the cane toad.
The cane toad is almost dead.
You constrict the cane toad. The cane toad stings you.
You release your grip on the cane toad.
You spin and attack the rime drake.
You tentacle-slap the rime drake.
Your tentacle-slap misses the rime drake.
You squeeze the rime drake. You bite the rime drake.
The rime drake is heavily wounded.
The rime drake barely misses you.
You spin and attack the cane toad.
You closely miss the cane toad. You grab the cane toad.
Your bite misses the cane toad.
The cane toad is almost dead.
You constrict the cane toad, but do no damage.
The cane toad misses you.
You release your grip on the cane toad.
You spin and attack the rime drake.
You tentacle-slap the rime drake.
Your tentacle-slap misses the rime drake.
Your squeeze misses the rime drake. Your bite misses the rime drake.
The rime drake is heavily wounded.
You spin and attack the cane toad.
You bludgeon the cane toad!
You devour the cane toad!
You feel better.
You kill the cane toad!
The Council accepts your kill. The rime drake breathes ice at you.
The icy flash freeze hits you!
You are encased in ice.
The rime drake bites you.
You spin and attack the rime drake repeatedly.
You tentacle-slap the rime drake. Your squeeze misses the rime drake.
The rime drake is severely wounded.
You bludgeon the rime drake! You squeeze the rime drake.
You bite the rime drake.
You kill the rime drake!
The Council accepts your kill.
You feel less exhausted.
The komodo dragon completely misses you.
Your muscles tense, ready for explosive movement...
Your supernatural speed expires.
The ice encasing you melts away.
There is a stone staircase leading up, spattered with blood here.
The komodo dragon bites you but does no damage.
You climb upwards.
There is a stone staircase leading down here.
Throw: 6 darts (curare)
Press: ? - help, Q - select action, (/) - cycle Shift-Dir - straight line, f - komodo dragon
Aim: a komodo dragon (70% to hit)
You throw a curare-tipped dart.
The curare-tipped dart closely misses the komodo dragon.
The komodo dragon misses you.
Throw: 5 darts (curare)
Press: ? - help, Q - select action, (/) - cycle Shift-Dir - straight line, f/p - komodo dragon
Aim: a komodo dragon (70% to hit)
You throw a curare-tipped dart.
The curare-tipped dart hits the komodo dragon.
The komodo dragon is poisoned.
The komodo dragon convulses.
The komodo dragon seems to slow down.
The komodo dragon is moderately wounded.
You bludgeon the komodo dragon! You squeeze the komodo dragon.
You bite the komodo dragon.
The komodo dragon is severely wounded.
The komodo dragon bites you!!
* * * LOW HITPOINT WARNING * * *
You tentacle-slap the komodo dragon but do no damage.
Your bite misses the komodo dragon.
The komodo dragon is severely wounded.
You closely miss the komodo dragon. You tentacle-slap the komodo dragon.
Your squeeze misses the komodo dragon.
The komodo dragon is severely wounded.
The komodo dragon bites you!!
You die...

....#.......#.#.#.#..#.8.........
.........................#.......
...................#.#...#.#.....
....#..#...#..P#...##.....#......
>..#..........##..###....#..<....
..............##.####.....##...##
..............#.8.##.###.#.##.8.#
.............#..l..#.......#.....
.............#8.W..+...8...+..>.8
.............#...................
...#.........##.8..#..#.#..##.8.#
...####.#.##....##.##.....#####.#
...####÷####..........#+.## ###
...#.#..####.§≈≈§§..#.....## #
..........#..≈≈≈§≈.#.#...#.## #
†###...#.....§#≈≈≈.......#..#
.###.#.##...§≈###≈.#...8.#.##


You could see a komodo dragon (poisoned, slow).

Vanquished Creatures
  An orc warlord (Bailey)
  5 hydras
  2 two-headed ogres
  11 death yaks
  Nergalle (Lair:3)
  An orc knight (Bailey)
  A cyclops (D:12)
  Joseph (D:7)
  8 cane toads
  5 rime drakes
  4 komodo dragons
  2 polar bears (Lair:2)
  A troll (D:9)
  A hornet (D:9)
  5 dream sheep (Lair:5)
  7 blink frogs
  Sigmund (D:5)
  9 wyverns
  3 wraiths
  2 vampires
  A fire elemental (D:13)
  4 basilisks
  Eustachio (D:5)
  3 fire bats
  58 yaks
  3 redbacks (Lair:3)
  2 steam dragons
  2 acid dragons
  A hell hound (D:13)
  An ice beast (D:6)
  13 water moccasins
  2 black bears
  5 orc warriors
  A sky beast (D:7)
  5 centaurs
  5 ogres
  32 wolves
  A phantom (D:5)
  3 kobold brigands
  5 scorpions
  13 bullfrogs
  A gnoll sergeant (D:11)
  7 wights
  26 killer bees
  4 howler monkeys
  3 electric eels (Lair:4)
  A human zombie (D:6)
  9 hounds
  2 orc priests (D:8)
  2 jellies
  Terence (D:2)
  Jessica (D:2)
  4 iguanas
  Ijyb (D:5)
  4 orc wizards
  A mummy (Ossuary)
  3 gnolls (D:11)
  8 adders
  A shadow imp (D:5)
  An ufetubus (D:5)
  4 worms
  3 dart slugs
  30 orcs
  7 endoplasms
  2 giant cockroaches
  12 goblins
  11 hobgoblins
  27 kobolds
  4 quokkas
  5 ball pythons
  5 bats
  7 frilled lizards
  5 gnoll skeletons (Ossuary)
  7 kobold skeletons (Ossuary)
  13 orc skeletons (Ossuary)
  3 rats
457 creatures vanquished.

Vanquished Creatures (others)
  An iguana (D:7)
1 creature vanquished.

Grand Total: 458 creatures vanquished

Notes
Turn   | Place    | Note
-------+----------+-------------------------------------------
     0 | D:1      | Flugkiller the Octopode Shapeshifter began the quest for
                  | the Orb.
     0 | D:1      | Reached XP level 1. HP: 13/13 MP: 1/1
    59 | D:1      | Reached skill level 1 in Stealth
   242 | D:1      | Reached XP level 2. HP: 18/18 MP: 2/2
   619 | D:1      | Reached XP level 3. HP: 23/23 MP: 3/3
   884 | D:2      | Noticed Jessica
   893 | D:2      | Killed Jessica
   894 | D:2      | Reached XP level 4. HP: 4/29 MP: 4/4
  1001 | D:2      | Got an antique book
  1217 | D:2      | Noticed Terence
  1278 | D:2      | Killed Terence
  1279 | D:2      | Reached XP level 5. HP: 15/35 MP: 5/5
  1822 | D:3      | Reached skill level 4 in Unarmed Combat
  1999 | D:4      | Reached XP level 6. HP: 37/41 MP: 6/6
  2163 | D:4      | Found Ucsyhekh's Tiny Tomes.
  2416 | D:4      | Reached XP level 7. HP: 28/46 MP: 7/7
  2987 | D:5      | Entered Level 5 of the Dungeon
  2987 | D:5      | Found Rulischu's Weapon Shop.
  2991 | D:5      | Found Ikaylam's General Store.
  2995 | D:5      | Found Ipod Sea's General Store.
  2996 | D:5      | Found Cewkoim's Assorted Antiques.
  3029 | D:5      | Bought a scroll labelled BORCHI BUEHOACW for 25 gold pieces
  3029 | D:5      | Bought a scroll labelled LACYH WITZO for 25 gold pieces
  3029 | D:5      | Bought a scroll labelled FEGGURUEDD for 25 gold pieces
  3029 | D:5      | Bought a scroll labelled MOORUU YKAI for 25 gold pieces
  3029 | D:5      | Bought a scroll labelled RAILEA LENEDGH for 25 gold pieces
  3049 | D:5      | Noticed Ijyb
  3163 | D:5      | Noticed Eustachio
  3178 | D:5      | Killed Eustachio
  3179 | D:5      | Reached skill level 5 in Unarmed Combat
  3344 | D:5      | Found an ancient bone altar of Kikubaaqudgha.
  3346 | D:5      | Found a hide-covered altar of Uskayaw.
  3526 | D:5      | Found a staircase to the Ecumenical Temple.
  3544 | Temple   | Entered the Ecumenical Temple
  3549 | Temple   | Became a worshipper of the Wu Jian Council
  3572 | D:5      | Reached skill level 5 in Shapeshifting
  3572 | D:5      | Reached XP level 8. HP: 41/54 MP: 8/8
  3693 | D:5      | Noticed Sigmund
  3699 | D:5      | Killed Sigmund
  3700 | D:5      | Reached skill level 5 in Dodging
  3700 | D:5      | Reached skill level 6 in Unarmed Combat
  4266 | D:4      | Reached skill level 7 in Unarmed Combat
  4310 | D:6      | Found a stormy altar of Qazlal.
  4515 | D:6      | Reached skill level 8 in Unarmed Combat
  4600 | D:6      | Found a sand-covered staircase.
  4615 | D:6      | Reached XP level 9. HP: 36/58 MP: 9/9
  4617 | Ossuary  | Entered an ossuary
  4770 | Ossuary  | Reached * piety under Wu Jian
  4771 | Ossuary  | Reached skill level 9 in Unarmed Combat
  5217 | D:7      | Noticed Joseph
  5424 | D:7      | Killed Joseph
  5468 | D:7      | Reached skill level 10 in Unarmed Combat
  5475 | D:7      | Reached skill level 1 in Evocations
  6603 | D:7      | Reached ** piety under Wu Jian
  7068 | D:8      | Reached XP level 10. HP: 60/64 MP: 10/10
  7114 | D:8      | Reached skill level 5 in Fighting
  7498 | D:8      | Identified the +1 kite shield of Refuge {Harm Slay+3}
  8505 | D:9      | Noticed a two-headed ogre
  8571 | D:9      | Noticed a two-headed ogre
  8573 | D:9      | Noticed MrCrawl's ghost (novice DrFE)
  8574 | D:9      | Found a transporter.
  8627 | D:9      | Killed a two-headed ogre
  9085 | D:9      | Found Lougiel's Armour Shop.
  9091 | D:9      | Bought a +2 buckler for 247 gold pieces
  9136 | D:9      | Reached *** piety under Wu Jian
  9137 | D:9      | Reached skill level 1 in Shields
  9372 | D:9      | Found a transporter.
  9373 | D:9      | Noticed a two-headed ogre
  9373 | D:9      | Identified the +4 dire flail of Erofepn {pain, rN+ Will+}
  9373 | D:9      | Noticed a two-headed ogre
  9373 | D:9      | Noticed a two-headed ogre
  9494 | D:5      | Killed Ijyb
  9609 | D:8      | Reached skill level 11 in Unarmed Combat
  9609 | D:8      | Reached XP level 11. HP: 31/72 MP: 11/11
 10303 | D:10     | Entered Level 10 of the Dungeon
 10340 | D:10     | Found a staircase to the Lair.
 10340 | D:10     | Noticed a four-headed hydra
 10558 | D:10     | Found a flagged portal.
 10565 | Bailey   | Entered a bailey
 10570 | Bailey   | Noticed an orc warlord
 10629 | Bailey   | Found a runed translucent gate.
 10632 | Bailey   | Found a runed translucent gate.
 10634 | Bailey   | Found a runed translucent gate.
 10640 | Bailey   | Noticed an orc knight
 10925 | Bailey   | Killed an orc knight
 10926 | Bailey   | Reached skill level 5 in Shields
 11175 | Bailey   | Gained mutation: You are occasionally teleported next to
                  | monsters. [potion of mutation]
 11175 | Bailey   | Gained mutation: You have a beak for a mouth. [potion of
                  | mutation]
 11175 | Bailey   | Gained mutation: You passively map a small area around you.
                  | [potion of mutation]
 11176 | Bailey   | Lost mutation: You have a beak for a mouth. [potion of
                  | mutation]
 11176 | Bailey   | Lost mutation: You passively map a small area around you.
                  | [potion of mutation]
 11176 | Bailey   | Gained mutation: You are often teleported next to monsters.
                  | [potion of mutation]
 11176 | Bailey   | Gained mutation: Your system is resistant to poisons.
                  | (rPois) [potion of mutation]
 11176 | Bailey   | Gained mutation: You occasionally lose the ability to drink
                  | potions when taking damage. [potion of mutation]
 11177 | Bailey   | Lost mutation: Your system is resistant to poisons. (rPois)
                  | [potion of mutation]
 11177 | Bailey   | Lost mutation: You occasionally lose the ability to drink
                  | potions when taking damage. [potion of mutation]
 11177 | Bailey   | Gained mutation: You occasionally lose the ability to drink
                  | potions when taking damage. [potion of mutation]
 11177 | Bailey   | Gained mutation: You are dopey. (Int -2) [potion of
                  | mutation]
 11177 | Bailey   | Gained mutation: You are robust. (+10% HP) [potion of
                  | mutation]
 11193 | Bailey   | Identified the +6 war axe of the Onslaught {freeze, Str+3}
 11223 | Bailey   | Killed an orc warlord
 11224 | Bailey   | Reached skill level 12 in Unarmed Combat
 11249 | Bailey   | Reached skill level 10 in Shapeshifting
 11249 | Bailey   | Reached XP level 12. HP: 50/86 MP: 12/12
 11760 | D:10     | You fall into a shaft and drop 3 floors!
 11913 | D:12     | Identified 2 scrolls of acquirement
 11918 | D:12     | Acquired a ring of the Octopus King {rF+ HP+2 AC+2 EV+2
                  | SH+2}
 11918 | D:12     | Found the ring of the Octopus King {rF+ HP+2 AC+2 EV+2
                  | SH+2}
 11921 | D:12     | Acquired 532 gold pieces
 12213 | D:10     | Killed a four-headed hydra
 12719 | D:11     | Noticed a two-headed ogre
 12736 | D:11     | Killed a two-headed ogre
 12736 | D:11     | Reached XP level 13. HP: 96/96 MP: 13/13
 13072 | Lair:1   | Entered Level 1 of the Lair of Beasts
 13314 | Lair:1   | Reached skill level 10 in Dodging
 13316 | Lair:1   | Reached **** piety under Wu Jian
 13455 | Lair:1   | Found a blossoming altar of Fedhas.
 13709 | Lair:1   | Acquired a manual of Fighting
 13855 | Lair:2   | Found a staircase to the Swamp.
 14260 | Lair:1   | Reached skill level 10 in Fighting
 15678 | Lair:3   | Found a hole to the Spider Nest.
 15707 | Lair:3   | Noticed Nergalle
 15715 | Lair:3   | Killed Nergalle
 17228 | Lair:4   | Reached XP level 14. HP: 113/113 MP: 14/14
 17607 | Lair:4   | Reached skill level 13 in Unarmed Combat
 17862 | Lair:4   | Reached skill level 14 in Unarmed Combat
 18366 | Lair:5   | Entered Level 5 of the Lair of Beasts
 18616 | Lair:5   | Reached skill level 15 in Unarmed Combat
 18740 | Lair:4   | Mangled by a komodo dragon

Illustrated notes

Levels and vault maps discovered:
D:1:      dpeg_arrival_pits, layout_basic
D:2:      layout_rooms, kennysheep_jessica_study, uniq_terence
D:3:      layout_loops_ring
D:4:      layout_rooms, corexii_checkpoint_a, nicolae_eternal_life,
          chequers_serial_rivers_micro_a, nicolae_shop_i_like_small_books_too,
          wad_orctagon
D:5:      layout_loops_corners, chequers_temple_overflow_statue_of_worship,
          minmay_temple_entry_arrows, dk_noncrumbling_3,
          minmay_shop_grid_forest, chequers_serial_rivers_small_a,
          kennysheep_generic_room_14, uniq_eustachio, uniq_sigmund, uniq_ijyb
D:6:      hellmonk_crumbling_castle, layout_basic,
          nicolae_qazlal_general_emergency, enter_ossuary_3,
          nicolae_fountain_basement
D:7:      layout_rooms, uniq_joseph
D:8:      layout_basic, serial_glass, glass_columns_b, glass_columns_a
D:9:      layout_loops_ring, gammafunk_ghost_smash, serial_shops,
          nicolae_shop_advertising_works [nicolae_subvault_shop_adworks],
          hangedman_decor_peaks_small, grunt_ministairs_3, minivault_24
D:10:     layout_irregular_city, david_lair_generic, enter_bailey_2
D:11:     layout_rooms
D:12:     gammafunk_sealed_library, layout_loops_cross, serial_shops,
          nicolae_shop_rolling_square, nicolae_elevator_lobby_asterisk
D:13:     cheibrodos_monumental, layout_long_grid, serial_shops, shop,
          uniq_erolcha, uniq_rupert, uniq_azrael, uniq_lodul
Temple:   compressed_dpeg_triangle_lava_temple
Lair:1:   layout_chaotic_city, basic_altar
Lair:2:   layout_loops_ring, swamp_mist, grunt_megastairs_3,
          infiniplex_staircase_pool_2
Lair:3:   layout_cave_pods, spider_nest_entry_webs, uniq_nergalle
Lair:4:   layout_gridlike, minivault_25, disabler_island, grunt_megastairs_1
Lair:5:   grunt_lair_end_beastmaster, layout_small_grid,
          nicolae_slime_entry_slimehenge, nicolae_lair_lakeside_cave

Skill      XL: |  1  2  3  4  5  6  7  8  9 10 11 12 13 14 |
---------------+-------------------------------------------+-----
Stealth        | 2 |  2.0
Fighting       | 2 3 4 6 7 12 | 12.0
Dodging        | 3 4 5 8 9 11 | 11.0
Unarmed Combat | 4 5 8 10 11 12 15 | 15.1
Shapeshifting  | 4 5 7 10 11 12 | 12.0
Evocations     | 3 |  3.0
Shields        | 2 5 |  5.0

Action                     |  1- 3 |  4- 6 |  7- 9 | 10-12 | 13-15 || total
---------------------------+-------+-------+-------+-------+-------++-------
  Melee: Unarmed           |    63 |   118 |   252 |   377 |   633 ||  1443
         Constrict         |    17 |    28 |    47 |    48 |    77 ||   217
         Tentacles         |    12 |    25 |    56 |    96 |   182 ||   371
         Punch             |       |     4 |    23 |    34 |    78 ||   139
         Maw               |       |       |       |    52 |   268 ||   320
  Throw: Dart              |       |       |       |       |     4 ||     4
 Invoke: Serpent's Lash    |       |       |       |     7 |    17 ||    24
Ability: Lunge             |       |       |    25 |    34 |    31 ||    90
         Whirlwind         |       |       |       |    16 |   100 ||   116
  Evoke: Wand              |       |       |     2 |     6 |     1 ||     9
    Use: Scroll            |       |       |    12 |    12 |     6 ||    30
         Potion            |       |       |     2 |     8 |       ||    10
   Stab: Sleeping          |    11 |    10 |    13 |     6 |     7 ||    47
         Distracted        |       |     1 |       |     2 |     1 ||     4
         Paralysed         |       |       |     5 |     9 |       ||    14
         Invisible         |       |       |       |     2 |       ||     2
 Armour: Skin              |    22 |    29 |   112 |   162 |   254 ||   579
  Dodge: Dodged            |    47 |    64 |   163 |   173 |   373 ||   820
  Block: Buckler           |       |       |       |    84 |   170 ||   254
   Form: Maw               |       |       |       |     2 |       ||     2
         Beast             |       |       |       |     1 |       ||     1

Table legend: (Time is in decaauts)
 A = Elapsed time spent in this place.
 B = Non-inter-level travel time spent in this place.
 C = Inter-level travel time spent in this place.
 D = Time resting spent in this place.
 E = Time spent auto-exploring this place.
 F = Levels seen in this place.
 G = Mean time per level.
                   A        B        C        D        E       F      G
               +--------+--------+--------+--------+--------+-----+--------+
         Total |  18587 |  17564 |   1023 |   5595 |   8144 |  21 |  885.1 |
       Dungeon |  11895 |  11198 |    697 |   3399 |   5574 |  13 |  915.0 |
        Temple |     10 |      6 |      4 |      0 |      0 |   1 |   10.0 |
          Lair |   5599 |   5277 |    322 |   1703 |   2330 |   5 | 1119.8 |
       Ossuary |    256 |    256 |      0 |     72 |     93 |   1 |  256.0 |
        Bailey |    825 |    825 |      0 |    421 |    147 |   1 |  825.0 |
               +--------+--------+--------+--------+--------+-----+--------+

Top non-repeatable levels by time:
     D:8: 1908 daAuts
  Lair:3: 1869 daAuts
     D:7: 1415 daAuts
     D:5: 1319 daAuts
  Lair:2: 1300 daAuts
     D:9: 1240 daAuts
    D:10: 1113 daAuts
     D:6: 1111 daAuts
  Lair:4: 1072 daAuts
     D:4: 1044 daAuts
  Lair:1: 994 daAuts
  Bailey: 825 daAuts
     D:1: 768 daAuts
     D:2: 655 daAuts
     D:3: 546 daAuts
